 Dungeon Crawl Stone Soup version 0.18-a0-596-g6468885 (webtiles) character file.

10 Duffy the Charmwright (level 2, 18/18 HPs)
             Began as a High Elf Skald on Dec 3, 2015.
             Quit the game on level 1 of the Dungeon.
             The game lasted 00:00:35 (645 turns).

Duffy the Charmwright (High Elf Skald)               Turns: 645, Time: 00:00:35

Health: 18/18      AC:  3    Str: 11    XL:     2   Next: 10%
Magic:  6/6        EV: 11    Int: 15    God:
Gold:   19         SH:  0    Dex: 12    Spells: 1 memorised, 4 levels left

rFire  . . .     SeeInvis .     a - +0 falchion
rCold  . . .     Clarity  .     b - +0 leather armour
rNeg   . . .     SustAt   .     (no shield)
rPois  .         Gourm    .     (no helmet)
rElec  .         Spirit   .     (no cloak)
rCorr  .         Dismiss  .     (no gloves)
rMut   .         Stasis   .     (no boots)
MR     .....                    (no amulet)
Stlth  +.........               (no ring)
                                (no ring)

@: very slightly contaminated, not resistant to hostile enchantments, very
unstealthy
A: clumsy 1, frail 1
a: no special abilities


You were on level 1 of the Dungeon.
You were not hungry.

You visited 1 branch of the dungeon, and saw 1 of its levels.

You collected 19 gold pieces.


Innate Abilities, Weirdness & Mutations

You are clumsy. (Dex -2)
You are frail (-10% HP).


   Skills:
 + Level 2.4 Fighting
 + Level 2.8 Long Blades
 - Level 0.8 Armour
 + Level 1.4 Dodging
 - Level 2.4 Spellcasting
 - Level 3.6 Charms


You had 4 spell levels left.
You knew the following spells:

 Your Spells              Type           Power        Failure   Level  Hunger
a - Infusion              Chrm           ##....       10%         1    #......

Inventory:

Hand Weapons
 a - a +0 falchion (weapon)
Armour
 b - a +0 leather armour (worn)
Jewellery
 h - an uncursed amulet of dismissal
Scrolls
 f - a scroll of fog {unknown}
 j - a scroll of identify {unknown}
 k - a scroll of noise {unknown}
Potions
 e - a potion of brilliance {unknown}
 g - a potion of cancellation {unknown}
Books
 c - a book of Battle
Comestibles
 d - a bread ration
 i - a meat ration

Dungeon Overview and Level Annotations

Branches:
Dungeon (1/15)

Altars:


Message History

There is a shaft here.
You see here 15 stones.
Found a stone staircase leading down.
j - a scroll labeled UMAEHO LEGH Put on which piece of jewellery? (? for menu, Esc to quit)
You feel a field of translocational energy surge around you.
h - an amulet of dismissal (around neck)
k - a scroll labeled JED QENLUOPEU
There is a stone staircase leading down here.
Found 11 poisoned needles.
Really remove
h - an amulet of dismissal? [Y]es or [N]o only, please.
Really remove
h - an amulet of dismissal?
You remove your amulet of dismissal.
The amulet's energy floods into your body!
You are contaminated with residual magic.
You start waiting.
Your body shudders with the violent release of wild energies!
You feel clumsy.
You feel less contaminated with magical energies.
You start waiting.
Done waiting.
Put on which piece of jewellery? (? for menu, Esc to quit)
Really put on
h - an uncursed amulet of dismissal?
You feel a field of translocational energy surge around you.
h - an amulet of dismissal (around neck) Really remove
h - an amulet of dismissal?
You remove your amulet of dismissal.
The amulet's energy floods into your body!
You are contaminated with residual magic.
You start waiting.
Your body shudders with the violent release of wild energies!
You feel frail.
You feel less contaminated with magical energies.
Are you sure you want to abandon this character and quit the game? (Confirm with "yes".)

#.##.##..........#
##.##.#.##...###.#
#~#..##.#......#.#######
..#...#......>..........
#.##.##....#.#.#.######
##.#.~#.###........#
#.##..#.#.....##.#.#
.#.##.# #.#.#.##.#.#
.##...# #.#.....@# #
...####.#.........(..#
.0.####.##...........#
###.~~#.##...........#
###%)~#.##..........##
.##...#.##..........#
###~>.#.##..........#
###0..#.##..........#
........#


There were no monsters in sight!

Action                   || total
-------------------------++-------
Melee: Falchion          ||    22

Notes
Turn   | Place    | Note
--------------------------------------------------------------
     0 | D:1      | Duffy the High Elf Skald began the quest for the Orb.
     0 | D:1      | Reached XP level 1. HP: 14/14 MP: 4/4
   285 | D:1      | Reached XP level 2. HP: 18/20 MP: 6/6
   495 | D:1      | Gained mutation: You are clumsy. (Dex -2) [mutagenic glow]
   644 | D:1      | Gained mutation: You are frail (-10% HP). [mutagenic glow]
   645 | D:1      | Quit the game

Vault maps used:
D:1:      dpeg_arrival_brainrot

Vanquished Creatures
  A worm
  3 bats
  A giant cockroach
  A hobgoblin
6 creatures vanquished.
